 Dungeon Crawl Stone Soup version 0.31-a0-692-gf03d1854d5 (webtiles) character file.

Game seed: 8868632605961427248

359 Ijustatesigmund the Sneak (level 6, 0/32 HPs)
             Began as a Spriggan Brigand on Sept 7, 2023.
             Succumbed to a scorpion's poison
             ... on level 4 of the Dungeon.
             The game lasted 00:11:45 (3801 turns).

Ijustatesigmund the Sneak (Spriggan Brigand)        Turns: 3801, Time: 00:11:45

Health: 0/32       AC:  3    Str: 15    XL:     6   Next: 37%
Magic:  7/7        EV: 18    Int: 13    God:
Gold:   173        SH:  4    Dex: 16    Spells: 5/5 levels left

rFire   + . .        l - +1 dagger (vamp)
rCold   + . .        n - +0 buckler
rNeg    . . .        b - +0 robe
rPois   +            (helmet restricted)
rElec   +            c - +0 cloak
rCorr   +            (gloves unavailable)
SInv    +            (boots unavailable)
Will    +....        (no amulet)
Stlth   ++++         p - +6 ring of strength
HPRegen 0.25/turn    (no ring)
MPRegen 0.10/turn

%: no passive effects
@: mighty, lethally poisoned (0 -> -3), resistant, attractive, very quick
A: very small, no large weapons, unfitting armour, see invisible, speed 3
a: no special abilities


You were on level 4 of the Dungeon.
You visited 1 branch of the dungeon, and saw 4 of its levels.

You collected 173 gold pieces.

Inventory:

Hand Weapons
 a - a +2 dagger
 l - a +1 vampiric dagger (weapon)
Missiles
 d - 8 poisoned darts
 e - 5 curare-tipped darts (quivered)
Armour
 b - a +0 robe (worn)
 c - a +0 cloak (worn)
 n - a +0 buckler (worn)
Jewellery
 p - a +6 ring of strength (left hand)
Wands
 k - a wand of acid (1)
Scrolls
 j - a scroll of amnesia
Potions
 f - a potion of haste
 g - a potion of magic


   Skills:
 - Level 2.7 Fighting
 - Level 4.2 Short Blades
 + Level 2.4 Throwing
 + Level 5.0 Dodging
 - Level 7.0 Stealth
 + Level 1.1 Evocations


You had 5 spell levels left.
You didn't know any spells.
Your spell library was empty.

Dungeon Overview and Level Annotations

Branches:
Dungeon (4/15)
 Temple: D:4-7

Altars:
Ru
Zin


Innate Abilities, Weirdness & Mutations

You are very small and have problems with some larger weapons.
You are too small for most types of armour.
You have supernaturally acute eyesight. (SInv)
You cover ground extremely quickly. (Speed+++)


Message History

The orc wizard is almost dead.
The orc wizard hits you but does no damage.
The scorpion misses you. The scorpion attacks as it pursues you!
The scorpion stings you. You block the orc's attack. The orc misses you.
Things that are here:
a +0 dagger; a +0 scale mail The scorpion attacks as it pursues you!
The scorpion stings you.
You are poisoned.
The scorpion poisons you! The orc closely misses you.
You feel sick. The scorpion attacks as it pursues you!
You block the scorpion's attack.
Okay, then.
Aiming: Corrosive Bolt
Press: ? - help, Shift-Dir - straight line, f - orc wizard, p - orc wizard
Aim: an orc wizard, wielding a +0 dagger and wearing a +0 robe (heavily wounded, 64% to hit)
The bolt of acid hits the scorpion!
The acid corrodes the scorpion!
The scorpion is heavily wounded.
The bolt of acid misses the orc.
The bolt of acid hits the orc wizard!
The acid corrodes the orc wizard!
The orc wizard is almost dead.
The bolt of acid hits the orc!
You kill the orc!
You feel sick.
The orc wizard gestures wildly while chanting.
The orc wizard flickers and vanishes for a moment.
The scorpion stings you.
* * * LOW HITPOINT WARNING * * *
It was a potion of resistance.
You feel protected.
* * * LOW HITPOINT WARNING * * *
You feel sick. You block the orc's attack. The scorpion stings you.
* * * LOW HITPOINT WARNING * * *
It was a potion of might.
You feel very mighty all of a sudden.
* * * LOW HITPOINT WARNING * * *
You feel sick. The scorpion barely misses you. You block the orc's attack.
It was a potion of attraction.
You feel attractive to monsters.
You die...

.......#........#
.......#........#
.......#........#
..##...#........########
..##...######...........
............#...........
............#...........
......'..o........
......#..o@....... .....
#.oso..##### ....
#.)og..# ### '#o.....#
........###### .......)#
........# ........#
........#


You could see a scorpion (corroded), 2 orc wizards, 4 orcs and a goblin.

Vanquished Creatures
  A hound (D:4)
  An orc priest (D:4)
  A gnoll bouda (D:3)
  Natasha (twice) (D:4)
  An orc wizard (D:4)
  Robin (D:2)
  3 gnolls
  4 adders
  2 worms
  7 dart slugs
  12 orcs
  5 ball pythons
  3 endoplasms
  3 giant cockroaches
  8 hobgoblins
  3 quokkas
  5 bats
  2 frilled lizards
  18 goblins
  4 kobolds
  7 rats
93 creatures vanquished.

Notes
Turn   | Place    | Note
-------+----------+-------------------------------------------
     0 | D:1      | Ijustatesigmund the Spriggan Brigand began the quest for
                  | the Orb.
     0 | D:1      | Reached XP level 1. HP: 10/10 MP: 2/2
    90 | D:1      | Reached XP level 2. HP: 15/15 MP: 3/3
   410 | D:2      | Noticed Robin
   775 | D:2      | Reached XP level 3. HP: 18/18 MP: 4/4
   778 | D:2      | Found a faded altar of an unknown god.
   805 | D:2      | Killed Robin
   996 | D:2      | Reached XP level 4. HP: 23/23 MP: 5/5
  1839 | D:3      | Reached skill level 6 in Stealth
  1839 | D:3      | Reached XP level 5. HP: 27/27 MP: 6/6
  2276 | D:3      | Reached skill level 7 in Stealth
  2295 | D:3      | Found a faded altar of an unknown god.
  2298 | D:3      | Found a sacrificial altar of Ru.
  3218 | D:4      | Reached XP level 6. HP: 9/31 MP: 7/7
  3361 | D:4      | Found a glowing silver altar of Zin.
  3660 | D:4      | Noticed Natasha
  3664 | D:4      | Killed Natasha
  3727 | D:4      | Noticed Natasha
  3744 | D:4      | Killed Natasha
  3745 | D:4      | Reached skill level 5 in Dodging
  3745 | D:4      | Reached skill level 1 in Evocations
  3800 | D:4      | HP: 1/32 [poisoned by a scorpion]
  3801 | D:4      | Succumbed to a scorpion's poison

Illustrated notes

Levels and vault maps discovered:
D:1:      dpeg_arrival_tiny_c, layout_rooms, serial_park_tiny_2
D:2:      minmay_evil_eye, layout_loops_ring,
          ebering_ecumenical_altar_sacrificial, uniq_robin
D:3:      layout_loops_ring, nicolae_overflow_ecumenical_swirl
D:4:      layout_gridville, mainiacjoe_overflow_alcove_1, minmay_misc_feat_iff,
          uniq_natasha

Skill      XL: |  1  2  3  4  5  6 |
---------------+-------------------+-----
Dodging        | 2 3 4 5 |  5.0
Fighting       | 2 |  2.7
Short Blades   | 3 4 |  4.2
Stealth        | 6 7 |  7.0
Evocations     | 1 |  1.1
Throwing       | |  2.4

Action                     |  1- 3 |  4- 6 || total
---------------------------+-------+-------++-------
  Melee: Dagger            |    98 |   214 ||   312
         Punch             |     1 |     1 ||     2
  Throw: Dart              |     4 |    20 ||    24
  Evoke: Wand              |       |     2 ||     2
    Use: Scroll            |       |     7 ||     7
         Potion            |       |     5 ||     5
   Stab: Sleeping          |    10 |    12 ||    22
         Distracted        |     1 |     1 ||     2
 Armour: Robe              |    25 |    68 ||    93
  Dodge: Dodged            |    57 |   135 ||   192
  Block: Buckler           |       |    27 ||    27

Table legend: (Time is in decaauts)
 A = Elapsed time spent in this place.
 B = Non-inter-level travel time spent in this place.
 C = Inter-level travel time spent in this place.
 D = Time resting spent in this place.
 E = Time spent auto-exploring this place.
 F = Levels seen in this place.
 G = Mean time per level.
                   A        B        C        D        E       F      G
               +--------+--------+--------+--------+--------+-----+--------+
         Total |   2776 |   2638 |    138 |    785 |   1180 |   4 |  694.0 |
       Dungeon |   2776 |   2638 |    138 |    785 |   1180 |   4 |  694.0 |
               +--------+--------+--------+--------+--------+-----+--------+

Top non-repeatable levels by time:
     D:2: 976 daAuts
     D:3: 701 daAuts
     D:4: 553 daAuts
     D:1: 545 daAuts
